 Dungeon Crawl Stone Soup version 0.29.1-1-gd02db6906a (webtiles) character file.

Game seed: 14422283791823717064

1406 Zeld the Trooper (level 8, -4/84 HPs)
             Began as an Ogre Hunter on Oct 7, 2022.
             Was an Initiate of the Shining One.
             Slain by a steam dragon (10 damage)
             ... on level 6 of the Dungeon.
             The game lasted 00:07:56 (9235 turns).

Zeld the Trooper (Ogre Hunter)                      Turns: 9235, Time: 00:07:56

Health: -4/84      AC:  3    Str: 16    XL:     8   Next: 70%
Magic:  0/8        EV: 11    Int: 10    God:    the Shining One [......]
Gold:   406        SH:  0    Dex: 14    Spells: 7/7 levels left

rFire   . . .      SeeInvis .   b - +0 rapier (venom)
rCold   . . .      Faith    .   (no shield)
rNeg    + . .      Spirit   +   c - +0 robe
rPois   .          Reflect  .   (helmet restricted)
rElec   .          Harm     .   (no cloak)
rCorr   .          Rampage  .   (gloves unavailable)
Will    .....                   (boots unavailable)
Stlth   +.........              n - amulet of guardian spirit
HPRegen 0.24/turn               l - ring of positive energy
MPRegen 0.11/turn               (no ring)

@: glowing
A: large, unfitting armour, tough skin 1
a: Renounce Religion


You were on level 6 of the Dungeon.
You worshipped the Shining One.
The Shining One was noncommittal.
You visited 2 branches of the dungeon, and saw 7 of its levels.
You also visited: Ossuary.

You collected 406 gold pieces.

Inventory:

Hand Weapons
 a - a +0 shortbow
 b - a +0 rapier of venom (weapon)
Missiles
 e - 3 poisoned darts
 s - 2 silver javelins
 F - 3 curare-tipped darts
 G - a boomerang
Armour
 c - a +0 robe (worn)
Jewellery
 l - a ring of positive energy (left hand)
 n - an amulet of guardian spirit (around neck)
 B - a ring of protection from cold
Wands
 z - a wand of mindburst (2)
 C - a wand of flame (5)
 E - a wand of iceblast (3)
Scrolls
 d - a scroll of summoning {unknown}
 f - 3 scrolls of noise {unknown}
 h - a scroll of enchant weapon {unknown}
 i - 8 scrolls of identify {unknown}
 j - a scroll of torment {unknown}
 k - a scroll of vulnerability {unknown}
 p - a scroll of fear {unknown}
 q - 3 scrolls of butterflies {unknown}
 r - a scroll of blinking {unknown}
 t - 4 scrolls of teleportation {unknown}
 w - 3 scrolls of magic mapping {unknown}
 x - a scroll of enchant armour {unknown}
 y - 3 scrolls of amnesia {unknown}
Potions
 g - 6 potions of lignification {unknown}
 m - 4 potions of mutation {unknown}
 o - a potion of haste {unknown}
 u - a potion of cancellation {unknown}
 v - 2 potions of magic {unknown}
 A - 3 potions of degeneration {unknown}
 D - 2 potions of heal wounds {unknown}
 H - 2 potions of ambrosia {unknown}


   Skills:
 + Level 6.6 Fighting
 * Level 5.9 Ranged Weapons
 + Level 4.5 Dodging
 + Level 3.7 Stealth


You had 7 spell levels left.
You didn't know any spells.
Your spell library was empty.

Dungeon Overview and Level Annotations

Branches:
Dungeon (6/15)             Temple (1/1) D:6         Ossuary (visited)

Altars:
Ashenzari
Cheibriados
Dithmenos
Elyvilon
Gozag
Kikubaaqudgha
Nemelex Xobeh
Okawaru
Qazlal
Ru
Sif Muna
Trog
Uskayaw
Wu Jian
Xom
Yredelemnul
Zin
The Shining One

Annotations:
D:4 Pikel


Innate Abilities, Weirdness & Mutations

You are too large for most types of armour.
You have tough skin. (AC +1)


Message History

You are too injured to fight recklessly!
You hit the steam dragon but do no damage.
The steam dragon looks as sick as possible!
The steam dragon is moderately wounded.
The steam dragon bites you! The steam dragon claws you.
The steam dragon bites you!
* * * LOW HITPOINT WARNING * * *
The steam dragon claws you.
* * * LOW HITPOINT WARNING * * *
You closely miss the steam dragon.
The steam dragon is heavily wounded.
You are engulfed in a cloud of scalding steam.
* * * LOW HITPOINT WARNING * * *
The steam dragon bites you.
* * * LOW HITPOINT WARNING * * *
The steam dragon closely misses you.
You hit the steam dragon but do no damage.
The steam dragon looks as sick as possible!
The steam dragon is heavily wounded.
The steam dragon barely misses you. The steam dragon closely misses you.
Unknown command.
Unknown command.
Unknown command.
You barely miss the steam dragon.
The steam dragon is severely wounded.
The steam dragon breathes steam at you. The ball of steam hits you!!
The Shining One protects you from harm!
Unknown command.
Unknown command.
You hit the steam dragon.
The steam dragon is severely wounded.
You are engulfed in a cloud of scalding steam.
* * * LOW HITPOINT WARNING * * *
The steam dragon bites you but does no damage.
The steam dragon closely misses you.
Unknown command.
Unknown command.
The steam dragon bites you!
You die...

#.......# #.#.#.#
#.......# #.#.#.#
........# ####.#.#.#
.......... ........# #
#......#######§.§...##.#
#.#+##........§§§......#
#.#.##.#######⌠§§.⌠....#
.....#.#.......§.......#
#.#..#.#.###...D@.......
#.#..#.#.#............##
#.#....#...#............
#.#.#....#.####.########
#.#.........§..........
########...###.########
..## #.#....... ..8#
#.#.###.### ..## #.#..
..#


You could see a steam dragon (extremely poisoned).

Vanquished Creatures
  Sigmund (D:6)
  A steam dragon (D:6)
  Edmund (D:4)
  Duvessa (D:4)
  An ogre (D:6)
  A lemure (D:4)
  A necrophage (D:3)
  3 water moccasin zombies (Ossuary)
  Dowan (D:4)
  4 hounds
  An orc priest (D:4)
  Ijyb (D:4)
  An iguana (D:6)
  3 orc wizards
  2 mummies (Ossuary)
  8 adders
  2 white imps
  7 adder zombies (Ossuary)
  2 worms (D:2)
  A dart slug (D:3)
  14 orcs
  4 bats
  8 endoplasms
  2 giant cockroaches
  3 gnoll zombies (Ossuary)
  9 goblins
  7 hobgoblins
  4 jackals (D:3)
  5 kobolds
  2 quokkas
  7 ball pythons
  A frilled lizard (D:3)
  7 hobgoblin zombies (Ossuary)
  4 kobold zombies (Ossuary)
  3 orc zombies (Ossuary)
  6 rats
129 creatures vanquished.

Notes
Turn   | Place    | Note
-------+----------+-------------------------------------------
     0 | D:1      | Zeld the Ogre Hunter began the quest for the Orb.
     0 | D:1      | Reached XP level 1. HP: 22/22 MP: 1/1
   158 | D:1      | Reached XP level 2. HP: 29/29 MP: 2/2
   282 | D:1      | Reached skill level 3 in Fighting
   343 | D:1      | Reached skill level 1 in Stealth
   653 | D:2      | Reached XP level 3. HP: 37/37 MP: 3/3
  1781 | D:3      | Reached XP level 4. HP: 38/45 MP: 4/4
  1938 | D:4      | Noticed Edmund
  2137 | D:3      | Reached XP level 5. HP: 54/54 MP: 5/5
  2705 | D:4      | Noticed Duvessa
  2724 | D:4      | Killed Duvessa
  2725 | D:4      | Reached skill level 4 in Fighting
  2725 | D:4      | Reached XP level 6. HP: 62/62 MP: 6/6
  3683 | D:4      | Noticed Dowan
  3687 | D:4      | Killed Dowan
  3854 | D:4      | Noticed Ijyb
  3911 | D:4      | Killed Ijyb
  4289 | D:4      | Reached XP level 7. HP: 60/71 MP: 3/7
  4639 | D:4      | Noticed Pikel
  4668 | D:4      | Killed Edmund
  4669 | D:4      | Reached skill level 5 in Fighting
  5254 | D:5      | Entered Level 5 of the Dungeon
  5903 | D:5      | Found a hide-covered altar of Uskayaw.
  5903 | D:5      | Found a sacrificial altar of Ru.
  6086 | D:6      | Noticed Sigmund
  6314 | D:6      | Killed Sigmund
  6315 | D:6      | Reached skill level 5 in Ranged Weapons
  6315 | D:6      | Reached XP level 8. HP: 70/83 MP: 8/8
  6342 | D:6      | Found a sand-covered staircase.
  6349 | Ossuary  | Entered an ossuary
  6536 | Ossuary  | Reached skill level 6 in Fighting
  8706 | D:6      | Found a staircase to the Ecumenical Temple.
  8735 | Temple   | Entered the Ecumenical Temple
  9051 | Temple   | Became a worshipper of the Shining One
  9233 | D:6      | The Shining One protects you from harm!
  9235 | D:6      | Slain by a steam dragon

Illustrated notes

Levels and vault maps discovered:
D:1:      tarquinn_simple_flora_water_a, layout_loops_ring,
          shapermc_ecumenical_altar_mp_vishouse, minmay_tetromino_s2
D:2:      layout_loops_corners, minmay_misc_feat_secret_circle, st_stairs_7,
          nicolae_elevator_lobby_plus
D:3:      layout_loops_cross, grunt_ministairs_5, st_stairs_5,
          dreamdust_mushroom_princess, grunt_decor_one_mirror,
          guppyfry_early_lair_pool
D:4:      kennysheep_the_goblin_king, layout_basic, uniq_edmund, uniq_pikel,
          uniq_duvessa
D:5:      layout_gridville, nicolae_overflow_two_pavilions
D:6:      layout_basic, fedhas_altar_4, temple_fountains,
          chequers_ossuary_entry_cave, gammafunk_ghost_grave, uniq_sigmund,
          uniq_prince_ribbit1
Temple:   nicolae_temple_slightly_damp_pantheon

Skill      XL: |  1  2  3  4  5  6  7  8 |
---------------+-------------------------+-----
Ranged Weapons | 3 4 5 |  5.9
Fighting       | 3 4 5 6 |  6.6
Dodging        | 2 3 4 |  4.5
Stealth        | 1 2 3 |  3.7

Action                   |  1- 3 |  4- 6 |  7- 9 || total
-------------------------+-------+-------+-------++-------
Melee: Whip              |    29 |       |       ||    29
       Short sword       |    10 |    40 |       ||    50
       Rapier            |       |    59 |   230 ||   289
       Punch             |       |     1 |     3 ||     4
 Fire: Shortbow          |    75 |    51 |    35 ||   161
Throw: Boomerang         |       |       |    49 ||    49
Evoke: Wand              |       |     5 |    26 ||    31
  Use: Scroll            |       |     1 |       ||     1
 Stab: Distracted        |       |       |     2 ||     2
       Sleeping          |       |       |     1 ||     1
Armor: Robe              |    13 |    33 |    81 ||   127
Dodge: Dodged            |    31 |    71 |   221 ||   323
